 Dungeon Crawl Stone Soup version 0.32-a0-35-gd9ff480968 (webtiles) character file.

Game seed: 9769709048354345463

64 Glorb the Shooter (level 4, 0/38 HPs)
             Began as a Hill Orc Hunter on Jan 21, 2024.
             Succumbed to Crazy Yiuf's poison
             ... on level 2 of the Dungeon.
             The game lasted 00:07:42 (1626 turns).

Glorb the Shooter (Hill Orc Hunter)                 Turns: 1626, Time: 00:07:42

Health: 0/38       AC:  3    Str: 13    XL:     4   Next: 12%
Magic:  3/4        EV: 11    Int:  9    God:
Gold:   135        SH:  0    Dex: 16    Spells: 3/3 levels left

rFire   + . .        a - +0 shortbow
rCold   + . .        (shield currently unavailable)
rNeg    . . .        c - +0 leather armour
rPois   .            (no helmet)
rElec   .            f - scarf {rC+ rF+}
rCorr   .            (no gloves)
SInv    .            (no boots)
Will    .....        (no amulet)
Stlth   +            (no ring)
HPRegen 0.26/turn    (no ring)
MPRegen 0.09/turn

%: no passive effects
@: lethally poisoned (0 -> -15), weakened
A: no striking features
a: no special abilities


You were on level 2 of the Dungeon.
You visited 1 branch of the dungeon, and saw 2 of its levels.

You collected 135 gold pieces.

Inventory:

Hand Weapons
 a - a +0 shortbow (weapon)
 g - a +0 sling
Armour
 c - a +0 leather armour (worn)
 f - a scarf of resistance (worn)
Scrolls
 b - a scroll of butterflies
 d - a scroll of noise {unknown}
Potions
 e - a potion of mutation {unknown}
 h - a potion of magic {unknown}
 i - a potion of curing {unknown}


   Skills:
 + Level 3.0 Fighting
 + Level 4.7 Ranged Weapons
 + Level 0.3 Armour
 + Level 1.6 Dodging
 + Level 0.7 Stealth


You had 3 spell levels left.
You didn't know any spells.
Your spell library contained the following spells:

 Spells                   Type           Power      Damage    Failure   Level
 Lesser Beckoning         Tloc           0%         N/A       61%         2
 Gell's Gravitas          Tloc           0%         N/A       83%         3
 Teleport Other           Tloc           0%         N/A       83%         3


Dungeon Overview and Level Annotations

Branches:
Dungeon (2/15)

Altars:

Annotations:
D:2 Crazy Yiuf


Message History

Fire: a) +0 shortbow
Press: ? - help, Shift-Dir - straight line, f - Crazy Yiuf
Aim: Crazy Yiuf, wielding a +4 quarterstaff of chaos and wearing a +0 cloak (fire blocked by a runed translucent door, 66% to hit)
You open the door. Crazy Yiuf attacks as he pursues you!
Crazy Yiuf barely misses you. Crazy Yiuf attacks as he pursues you!
Crazy Yiuf hits you with a +4 quarterstaff of chaos.
You feel your power leaking away. Crazy Yiuf attacks as he pursues you!
Crazy Yiuf hits you with a +4 quarterstaff of chaos!
You feel your attacks grow feeble.
Fire: a) +0 shortbow
Press: ? - help, Q - select action Shift-Dir - straight line, f - Crazy Yiuf
Aim: Crazy Yiuf, wielding a +4 quarterstaff of chaos and wearing a +0 cloak (66% to hit)
You shoot an arrow. The arrow barely misses Crazy Yiuf.
Crazy Yiuf cries, "Flower!"
Crazy Yiuf hits you with a +4 quarterstaff of chaos!
You blink.
Fire: a) +0 shortbow
Press: ? - help, Q - select action Shift-Dir - straight line, f/p - Crazy Yiuf
Aim: Crazy Yiuf, wielding a +4 quarterstaff of chaos and wearing a +0 cloak (66% to hit)
You shoot an arrow. The arrow barely misses Crazy Yiuf.
Fire: a) +0 shortbow
Press: ? - help, Q - select action Shift-Dir - straight line, f/p - Crazy Yiuf
Aim: Crazy Yiuf, wielding a +4 quarterstaff of chaos and wearing a +0 cloak (66% to hit)
You shoot an arrow. The arrow completely misses Crazy Yiuf.
Fire: a) +0 shortbow
Press: ? - help, Q - select action Shift-Dir - straight line, f/p - Crazy Yiuf
Aim: Crazy Yiuf, wielding a +4 quarterstaff of chaos and wearing a +0 cloak (66% to hit)
You shoot an arrow. The arrow barely misses Crazy Yiuf.
Crazy Yiuf barely misses you. Crazy Yiuf attacks as he pursues you!
Crazy Yiuf hits you with a +4 quarterstaff of chaos.
* * * LOW HITPOINT WARNING * * *
You feel as though you will be weak longer.
Crazy Yiuf attacks as he pursues you!
Crazy Yiuf hits you with a +4 quarterstaff of chaos!
* * * LOW HITPOINT WARNING * * *
You are lethally poisoned!
You die...

######
##....#######
#...#..g.@..#
#####
#....######.#
#.... #....# #.#
#.### #....# #.#
#.# ##...# #.#
### #.# ##.##
#.# ##.## #.#
##.# #.###...##
#.### #.##
#........###....
##.#
##..............


You could see Crazy Yiuf.

Vanquished Creatures
  A gnoll (D:1)
  An adder (D:2)
  2 dart slugs (D:1)
  A ribbon worm (D:1)
  4 ball pythons
  6 bats
  2 endoplasms (D:1)
  2 giant cockroaches (D:1)
  7 goblins
  4 hobgoblins
  2 quokkas (D:1)
  2 frilled lizards (D:1)
  A rat (D:1)
35 creatures vanquished.

Notes
Turn   | Place    | Note
-------+----------+-------------------------------------------
     0 | D:1      | Glorb the Hill Orc Hunter began the quest for the Orb.
     0 | D:1      | Reached XP level 1. HP: 18/18 MP: 1/1
   365 | D:1      | Reached XP level 2. HP: 25/25 MP: 2/2
   442 | D:1      | Reached skill level 4 in Ranged Weapons
   786 | D:1      | Reached XP level 3. HP: 26/30 MP: 3/3
  1440 | D:2      | Reached XP level 4. HP: 17/38 MP: 4/4
  1606 | D:2      | Found a runed translucent door.
  1607 | D:2      | Noticed Crazy Yiuf
  1626 | D:2      | Succumbed to Crazy Yiuf's poison

Illustrated notes

Levels and vault maps discovered:
D:1:      orjb1_clovarrival, layout_loops_corners, item_on_display_a
D:2:      layout_loops_ring, minmay_increasing_density, uniq_crazy_yiuf_cottage

Skill      XL: |  1  2  3 |
---------------+----------+-----
Ranged Weapons | 4 |  4.7
Fighting       | 3 |  3.0
Armour         | |  0.3
Dodging        | |  1.6
Stealth        | |  0.7

Action                     |  1- 3 |  4- 6 || total
---------------------------+-------+-------++-------
   Fire: Shortbow          |   287 |     8 ||   295
 Armour: Leather armour    |    56 |     7 ||    63
  Dodge: Dodged            |    40 |     4 ||    44

Table legend: (Time is in decaauts)
 A = Elapsed time spent in this place.
 B = Non-inter-level travel time spent in this place.
 C = Inter-level travel time spent in this place.
 D = Time resting spent in this place.
 E = Time spent auto-exploring this place.
 F = Levels seen in this place.
 G = Mean time per level.
                   A        B        C        D        E       F      G
               +--------+--------+--------+--------+--------+-----+--------+
         Total |   1714 |   1673 |     41 |    207 |    546 |   2 |  857.0 |
       Dungeon |   1714 |   1673 |     41 |    207 |    546 |   2 |  857.0 |
               +--------+--------+--------+--------+--------+-----+--------+

Top non-repeatable levels by time:
     D:1: 1361 daAuts
     D:2: 352 daAuts
